 Dungeon Crawl Stone Soup version 0.21-a0-538-gd16b88a (webtiles) character file.

1120 tidbits the Digger (level 8, 58/58 HPs)
             Began as a Gnoll Earth Elementalist on Dec 16, 2017.
             Quit the game in the Ecumenical Temple.
             The game lasted 00:17:58 (2097 turns).

tidbits the Digger (Gnoll Earth Elementalist)       Turns: 2097, Time: 00:17:58

Health: 58/58      AC:  3    Str: 10    XL:     8   Next: 34%
Magic:  16/16      EV: 16    Int: 20    God:
Gold:   285        SH:  0    Dex: 20    Spells: 8/18 levels left

rFire    + . .     SeeInvis .   K - +0 short sword (venom)
rCold    + . .     Gourm    .   (no shield)
rNeg     . . .     Faith    .   c - +0 robe
rPois    .         Spirit   .   E - +0 helmet
rElec    .         Reflect  .   A - scarf {rC+ rF+}
rCorr    .         Harm     .   (no gloves)
MR       .....                  (no boots)
Stlth    +++.......             (no amulet)
HPRegen  0.19/turn              X - +4 ring of dexterity
MPRegen  0.15/turn              (no ring)

@: no status effects
A: distributed training, fangs 1, strong nose
a: no special abilities


You were in the Ecumenical Temple.
You were hungry.

You visited 2 branches of the dungeon, and saw 8 of its levels.
You also visited: Sewer.

You collected 285 gold pieces.

Inventory:

Hand Weapons
 f - a +0 dagger
 k - a +0 short sword
 m - a +0 morningstar
 J - a cursed +0 hunting sling
 K - a +0 short sword of venom (weapon)
   (You found it on level 7 of the Dungeon)
Missiles
 l - 6 bolts
 n - 38 sling bullets
 q - 43 arrows
 B - 26 stones (quivered)
 I - 5 tomahawks
Armour
 c - a +0 robe (worn)
 j - a +0 ring mail
 A - a scarf of resistance (worn)
   (You found it on level 6 of the Dungeon)
 E - a +0 helmet (worn)
Jewellery
 w - an uncursed ring of ice
   (You found it on level 4 of the Dungeon)
 X - a +4 ring of dexterity (left hand)
   (You found it on level 4 of the Dungeon)
Scrolls
 i - 3 scrolls of random uselessness
 o - a scroll of fog {unknown}
 p - 2 scrolls of amnesia
 r - 2 scrolls of remove curse
 t - a scroll of teleportation
 y - a scroll of immolation {unknown}
 C - a scroll of enchant armour {unknown}
 D - a scroll of blinking {unknown}
 F - a scroll of enchant weapon {unknown}
 N - a scroll of noise {unknown}
Potions
 a - 2 potions of might
 b - a potion of haste {unknown}
 g - 2 potions of degeneration {unknown}
 h - a potion of heal wounds
 u - 2 potions of berserk rage {unknown}
 x - 2 potions of agility {unknown}
 z - a potion of brilliance
 M - a potion of lignification
Books
 e - a book of Geomancy

   Spells                             Type                      Level
   a - Sandblast                      Earth                        1
   b - Passwall                       Transmutation/Earth          2
   c - Stone Arrow                    Conjuration/Earth            3
   d - Petrify                        Transmutation/Earth          4
   e - Lee's Rapid Deconstruction     Earth                        5
 H - a book of Necromancy
   (You found it on level 5 of the Dungeon)

   Spells                             Type                      Level
   a - Pain                           Necromancy                   1
   b - Animate Skeleton               Necromancy                   1
   c - Vampiric Draining              Necromancy                   3
   d - Regeneration                   Charms/Necromancy            3
   e - Animate Dead                   Necromancy                   4
   f - Control Undead                 Necromancy                   4
Comestibles
 d - 4 bread rations
 s - 3 meat rations
 v - 18 fruits
 G - a royal jelly


   Skills:
 + Level 3.1 Fighting
 + Level 3.1 Short Blades
 + Level 3.1 Long Blades
 + Level 3.1 Axes
 + Level 3.1 Maces & Flails
 + Level 3.1 Polearms
 + Level 3.1 Staves
 + Level 3.1 Slings
 + Level 3.1 Bows
 + Level 3.1 Crossbows
 + Level 3.1 Throwing
 + Level 3.1 Armour
 + Level 5.6 Dodging
 + Level 5.2 Stealth
 + Level 3.1 Shields
 + Level 3.1 Unarmed Combat
 + Level 5.9 Spellcasting
 + Level 2.5 Conjurations
 + Level 2.5 Hexes
 + Level 2.5 Charms
 + Level 2.5 Summonings
 + Level 2.5 Necromancy
 + Level 2.5 Translocations
 + Level 3.3 Transmutations
 + Level 2.5 Fire Magic
 + Level 2.5 Ice Magic
 + Level 2.5 Air Magic
 + Level 6.0 Earth Magic
 + Level 2.5 Poison Magic
 + Level 3.4 Invocations
 + Level 3.1 Evocations


You had 8 spell levels left.
You knew the following spells:

 Your Spells              Type           Power        Failure   Level  Hunger
a - Sandblast             Erth           ####..       1%          1    None
n - Animate Skeleton      Necr           N/A          3%          1    None
r - Regeneration          Chrm/Necr      ###.......   11%         3    ##.....
t - Stone Arrow           Conj/Erth      ###...       5%          3    ##.....
w - Passwall              Tmut/Erth      ###.......   2%          2    None


Dungeon Overview and Level Annotations

Branches:
Dungeon (7/15)             Temple (1/1) D:5

Altars:
Ashenzari
Elyvilon
Fedhas
Hepliaklqana
Makhleb
Nemelex Xobeh
Qazlal
Sif Muna
Trog
Uskayaw
Wu Jian
Xom
Yredelemnul
Zin
The Shining One

Annotations:
D:7 exclusion: centaur


Innate Abilities, Weirdness & Mutations

Your experience applies equally to all skills.
You have very sharp teeth.
Your uncanny sense of smell can sniff out nearby items.


Message History

Aiming: Sandblast
Press: ? - help, Shift-Dir - straight line, f - orc
Aim: an orc The blast of sand misses the orc.
B - 28 stones You barely miss the orc.
The orc misses you.
You hit the orc but do no damage.
The orc is poisoned.
The orc misses you.
You hit the orc.
The orc looks even sicker.
The orc is lightly wounded.
The orc completely misses you.
You closely miss the orc.
The orc is lightly wounded.
The orc barely misses you.
You barely miss the orc.
The orc is lightly wounded.
The orc hits you.
You hit the orc.
The orc looks as sick as possible!
You bite the orc.
You kill the orc!
A quokka comes into view.
You see here an orc corpse.
The quokka closely misses you.
You hit the quokka.
The quokka is poisoned.
The quokka is heavily wounded.
The quokka barely misses you.
You hit the quokka.
You kill the quokka!
You see here a quokka corpse.
There is a stone staircase leading up here.
Found 19 gold pieces.
You see here 19 gold pieces.
You now have 278 gold pieces (gained 19).
You are feeling hungry.
Found 7 gold pieces.
An adder comes into view.
You see here 7 gold pieces.
You now have 285 gold pieces (gained 7).
The adder barely misses you.
You closely miss the adder. The adder barely misses you. The adder bites you.
You hit the adder.
The adder is poisoned.
You bite the adder.
The adder is moderately wounded.
The adder bites you.
You are poisoned.
The adder poisons you!
Casting: Sandblast
Confirm with . or Enter, or press ? or * to list all spells.
Aiming: Sandblast
Press: ? - help, Shift-Dir - straight line, f - adder
Aim: an adder (moderately wounded, poisoned)
The blast of sand hits the adder.
The adder is severely wounded.
B - 27 stones You feel sick.
The adder bites you but does no damage.
Casting: Sandblast
Confirm with . or Enter, or press ? or * to list all spells.
Aiming: Sandblast
Press: ? - help, Shift-Dir - straight line, f/p - adder
Aim: an adder (severely wounded, poisoned)
The blast of sand hits the adder.
You kill the adder!
B - 26 stones You feel sick.
You feel sick.
Found a stone staircase leading up.
You feel sick.
You feel sick.
There is a stone staircase leading up here.
You climb upwards.
There is a stone staircase leading down here.
You feel sick.
You are no longer poisoned.
Casting: Sandblast
Confirm with . or Enter, or press ? or * to list all spells.
Which direction?
You begin to meditate on the wall.
You continue meditating on the rock. x2
You finish merging with the rock.
As you read the scroll labeled HITI CIXIHEDI, it crumbles to dust.
It is a scroll of identify.
M - a potion of lignification
As you read the scroll of identify, it crumbles to dust.
z - a potion of brilliance
There is a stone staircase leading down here.
You climb downwards.
There is a stone staircase leading up here.
You open the door.
Found a scroll of remove curse.
Found a staircase to the Ecumenical Temple.
There is an open door here.
There is a staircase to the Ecumenical Temple here.
You climb downwards.
Welcome to the Ecumenical Temple!
Found three altars.
There is a staircase back to the Dungeon here.
Found two altars.
Found a hide-covered altar of Uskayaw.
Found a basalt altar of Yredelemnul.
Found a shimmering altar of Xom.
Found a shattered altar of Ashenzari.
Found a glowing silver altar of Zin.
Found a burning altar of Makhleb and a white marble altar of Elyvilon.
Found a blossoming altar of Fedhas.
Are you sure you want to abandon this character and quit the game? (Confirm with "yes".)

.....................##
...._...#...#..._.....##
.......................#
......#..._...#.........
........................
...._...#...#..._.......
........................
..#...#..._...#...#..._.
................@.......
...._...#...#..._.......
........................
......#..._...#.........
.......................#
...._...#...#..._.....##
.....................##
##........<........###
####...........##


There were no monsters in sight!

Vanquished Creatures
  Menkaure (D:4)
  A black bear (D:6)
  A phantom (D:6)
  An ogre (D:6)
  2 bullfrogs
  A scorpion (D:6)
  A crimson imp (D:6)
  2 bullfrog zombies
  2 hounds
  A jelly (D:6)
  An orc priest (D:6)
  2 iguanas
  A worker ant (D:5)
  7 adders
  5 river rats (Sewer)
  2 shadow imps
  5 worms
  2 dart slugs
  11 leopard geckos
  20 orcs
  5 ball pythons
  5 bats (D:1)
  4 giant cockroaches
  3 goblins
  3 hobgoblins (D:1)
  4 jackals (D:6)
  4 kobolds
  5 quokkas
  8 frilled lizards
  10 rats
120 creatures vanquished.

Notes
Turn   | Place    | Note
-------+----------+-------------------------------------------
     0 | D:1      | tidbits the Gnoll Earth Elementalist began the quest for the Orb.
     0 | D:1      | Reached XP level 1. HP: 13/13 MP: 6/6
   124 | D:1      | Reached skill level 2 in Transmutations
   135 | D:1      | Reached XP level 2. HP: 19/19 MP: 1/7
   167 | D:1      | Learned a level 2 spell: Passwall
   315 | D:1      | Reached XP level 3. HP: 25/25 MP: 5/9
   320 | D:1      | Learned a level 3 spell: Stone Arrow
   341 | D:1      | Reached skill level 5 in Spellcasting
   426 | D:2      | Found a blossoming altar of Fedhas.
   475 | D:2      | Reached skill level 1 in Invocations
   609 | D:3      | Found a glowing golden altar of the Shining One.
   634 | D:3      | Reached skill level 1 in Fighting
   634 | D:3      | Reached skill level 1 in Short Blades
   634 | D:3      | Reached skill level 1 in Long Blades
   634 | D:3      | Reached skill level 1 in Axes
   634 | D:3      | Reached skill level 1 in Maces & Flails
   634 | D:3      | Reached skill level 1 in Polearms
   634 | D:3      | Reached skill level 1 in Staves
   634 | D:3      | Reached skill level 1 in Slings
   634 | D:3      | Reached skill level 1 in Bows
   634 | D:3      | Reached skill level 1 in Crossbows
   634 | D:3      | Reached skill level 1 in Throwing
   634 | D:3      | Reached skill level 1 in Armour
   634 | D:3      | Reached skill level 1 in Shields
   634 | D:3      | Reached skill level 1 in Unarmed Combat
   634 | D:3      | Reached skill level 1 in Evocations
   655 | D:3      | Reached XP level 4. HP: 26/32 MP: 2/11
   779 | D:4      | Reached skill level 1 in Conjurations
   779 | D:4      | Reached skill level 1 in Hexes
   779 | D:4      | Reached skill level 1 in Charms
   779 | D:4      | Reached skill level 1 in Summonings
   779 | D:4      | Reached skill level 1 in Necromancy
   779 | D:4      | Reached skill level 1 in Translocations
   779 | D:4      | Reached skill level 1 in Fire Magic
   779 | D:4      | Reached skill level 1 in Ice Magic
   779 | D:4      | Reached skill level 1 in Air Magic
   779 | D:4      | Reached skill level 1 in Poison Magic
   985 | D:5      | Entered Level 5 of the Dungeon
   998 | D:4      | Noticed Menkaure
  1004 | D:4      | Killed Menkaure
  1004 | D:4      | Reached XP level 5. HP: 12/38 MP: 6/12
  1004 | D:4      | Reached XP level 6. HP: 15/44 MP: 6/13
  1048 | D:5      | Reached skill level 2 in Invocations
  1135 | D:5      | Found a glowing drain.
  1145 | Sewer    | Entered a sewer
  1156 | Sewer    | Reached skill level 5 in Dodging
  1164 | Sewer    | Reached skill level 2 in Fighting
  1164 | Sewer    | Reached skill level 2 in Short Blades
  1164 | Sewer    | Reached skill level 2 in Long Blades
  1164 | Sewer    | Reached skill level 2 in Axes
  1164 | Sewer    | Reached skill level 2 in Maces & Flails
  1164 | Sewer    | Reached skill level 2 in Polearms
  1164 | Sewer    | Reached skill level 2 in Staves
  1164 | Sewer    | Reached skill level 2 in Slings
  1164 | Sewer    | Reached skill level 2 in Bows
  1164 | Sewer    | Reached skill level 2 in Crossbows
  1164 | Sewer    | Reached skill level 2 in Throwing
  1164 | Sewer    | Reached skill level 2 in Armour
  1164 | Sewer    | Reached skill level 2 in Shields
  1164 | Sewer    | Reached skill level 2 in Unarmed Combat
  1164 | Sewer    | Reached skill level 2 in Evocations
  1383 | D:6      | Reached XP level 7. HP: 43/50 MP: 5/15
  1453 | D:5      | Learned a level 3 spell: Regeneration
  1455 | D:5      | Learned a level 1 spell: Animate Skeleton
  1563 | D:6      | Found a bloodstained altar of Trog.
  1582 | D:6      | Reached skill level 2 in Conjurations
  1582 | D:6      | Reached skill level 2 in Hexes
  1582 | D:6      | Reached skill level 2 in Charms
  1582 | D:6      | Reached skill level 2 in Summonings
  1582 | D:6      | Reached skill level 2 in Necromancy
  1582 | D:6      | Reached skill level 2 in Translocations
  1582 | D:6      | Reached skill level 3 in Transmutations
  1582 | D:6      | Reached skill level 2 in Fire Magic
  1582 | D:6      | Reached skill level 2 in Ice Magic
  1582 | D:6      | Reached skill level 2 in Air Magic
  1582 | D:6      | Reached skill level 2 in Poison Magic
  1622 | D:7      | Reached skill level 5 in Stealth
  1650 | D:7      | Reached skill level 3 in Invocations
  1764 | D:6      | Reached skill level 6 in Earth Magic
  1764 | D:6      | Reached XP level 8. HP: 57/57 MP: 3/16
  1873 | D:6      | Reached skill level 3 in Fighting
  1873 | D:6      | Reached skill level 3 in Short Blades
  1873 | D:6      | Reached skill level 3 in Long Blades
  1873 | D:6      | Reached skill level 3 in Axes
  1873 | D:6      | Reached skill level 3 in Maces & Flails
  1873 | D:6      | Reached skill level 3 in Polearms
  1873 | D:6      | Reached skill level 3 in Staves
  1873 | D:6      | Reached skill level 3 in Slings
  1873 | D:6      | Reached skill level 3 in Bows
  1873 | D:6      | Reached skill level 3 in Crossbows
  1873 | D:6      | Reached skill level 3 in Throwing
  1873 | D:6      | Reached skill level 3 in Armour
  1873 | D:6      | Reached skill level 3 in Shields
  1873 | D:6      | Reached skill level 3 in Unarmed Combat
  1873 | D:6      | Reached skill level 3 in Evocations
  2070 | D:5      | Found a staircase to the Ecumenical Temple.
  2076 | Temple   | Entered the Ecumenical Temple
  2097 | Temple   | Quit the game

Vault maps used:
D:1:      lightli_arrival_windingriver
D:2:      fedhas_altar_2
D:3:      first_bread, tso_altar
D:4:      grunt_ministairs_7, dk_vineyard_1, uniq_menkaure
D:5:      minmay_temple_entry_fiery, gup_sewer_entry_pipe
D:6:      kennysheep_mini_moat, uniq_duvessa
D:7:      gammafunk_the_bubble, minitemple
Temple:   cyrus_circular_temple
Sewer:    sewer_co_cracked_pipes

Skill      XL: |  1  2  3  4  5  6  7  8 |
---------------+-------------------------+-----
Transmutations | 2 3 |  3.3
Spellcasting   | 5 |  5.9
Invocations    | 1 2 3 |  3.4
Fighting       | 1 2 3 |  3.1
Short Blades   | 1 2 3 |  3.1
Long Blades    | 1 2 3 |  3.1
Axes           | 1 2 3 |  3.1
Maces & Flails | 1 2 3 |  3.1
Polearms       | 1 2 3 |  3.1
Staves         | 1 2 3 |  3.1
Slings         | 1 2 3 |  3.1
Bows           | 1 2 3 |  3.1
Crossbows      | 1 2 3 |  3.1
Throwing       | 1 2 3 |  3.1
Armour         | 1 2 3 |  3.1
Shields        | 1 2 3 |  3.1
Unarmed Combat | 1 2 3 |  3.1
Evocations     | 1 2 3 |  3.1
Conjurations   | 1 2 |  2.5
Hexes          | 1 2 |  2.5
Charms         | 1 2 |  2.5
Summonings     | 1 2 |  2.5
Necromancy     | 1 2 |  2.5
Translocations | 1 2 |  2.5
Fire Magic     | 1 2 |  2.5
Ice Magic      | 1 2 |  2.5
Air Magic      | 1 2 |  2.5
Poison Magic   | 1 2 |  2.5
Dodging        | 5 |  5.6
Stealth        | 5 |  5.2
Earth Magic    | 6 |  6.0

Action                   |  1- 3 |  4- 6 |  7- 9 || total
-------------------------+-------+-------+-------++-------
Melee: Bite              |     3 |     2 |     5 ||    10
       Unarmed           |     1 |       |       ||     1
       Dagger            |    16 |    30 |     1 ||    47
       Short sword       |       |       |    33 ||    33
 Cast: Sandblast         |    43 |    65 |    55 ||   163
       Passwall          |       |     7 |    11 ||    18
  Use: Potion            |       |     2 |       ||     2
       Scroll            |       |     1 |     6 ||     7
 Stab: Sleeping          |     4 |     5 |     4 ||    13
       Distracted        |       |     1 |       ||     1
  Eat: Royal jelly       |       |     1 |       ||     1
       Chunk             |       |       |     1 ||     1
Armor: Robe              |     8 |     9 |     5 ||    22
Dodge: Dodged            |    38 |    32 |    50 ||   120

Table legend:
 A = Spawn XP
 B = Non-spawn XP
 C = Spawn XP percentage of total XP
 D = Spawn monster count
 E = Non-spawn monster count
 F = Spawn count percentage of total count
 G = Total turns spent on level
                    A         B        C        D         E        F      G
               +---------+---------+-------+---------+---------+-------+---------
         Total |       0 |    1600 |   0.0 |       0 |     120 |   0.0 |  2097
               +---------+---------+-------+---------+---------+-------+---------
           D:1 |       0 |      37 |   0.0 |       0 |      23 |   0.0 |   331
           D:2 |       0 |      16 |   0.0 |       0 |       6 |   0.0 |   243
           D:3 |       0 |      41 |   0.0 |       0 |      14 |   0.0 |   135
           D:4 |       0 |     238 |   0.0 |       0 |       8 |   0.0 |   314
           D:5 |       0 |     130 |   0.0 |       0 |      18 |   0.0 |   420
           D:6 |       0 |     841 |   0.0 |       0 |      29 |   0.0 |   424
           D:7 |       0 |     220 |   0.0 |       0 |       7 |   0.0 |    77
         Sewer |       0 |      77 |   0.0 |       0 |      15 |   0.0 |   132
               +---------+---------+-------+---------+---------+-------+---------

Table legend:
 A = Turns spent in this place as a percentage of turns spent in the entire game.
 B = Non-inter-level travel turns spent in this place as a percentage of non-inter-level travel turns spent in the entire game.
 C = Inter-level travel turns spent in this place as a percentage of turns spent in this place.
 D = Turns resting spent in this place as a percentage of non-inter-level travel turns spent in this place.
 E = Turns spent auto-exploring this place as a percentage of non-inter-level travel turns spent in this place.
 F = Non-inter-level travel turns spent in this place divided by the number of levels of this place that you've seen.
                   A       B       C       D       E      F
               +-------+-------+-------+-------+-------+----------------------
         Total | 100.0 | 100.0 |   0.0 |   0.1 |   0.0 | 233.0
       Dungeon |  92.7 |  92.7 |   0.0 |   0.2 |   0.0 | 277.7
        Temple |   1.0 |   1.0 |   0.0 |   0.0 |   0.0 |  21.0
         Sewer |   6.3 |   6.3 |   0.0 |   0.0 |   0.0 | 132.0
               +-------+-------+-------+-------+-------+----------------------

Table legend:
 A = Kills in this place as a percentage of kills in entire the game.
 B = Kills by you in this place as a percentage of kills by you in the entire game.
 C = Kills by friends in this place as a percentage of kills by friends in the entire game.
 D = Other kills in this place as a percentage of other kills in the entire game.
 E = Experience gained in this place as a percentage of experience gained in the entire game.
 F = Experience gained in this place divided by the number of levels of this place that you have seen.
                   A       B       C       D       E      F
               +-------+-------+-------+-------+-------+----------------------
         Total | 100.0 | 100.0 |   N/A |   N/A | 100.0 | 177.8
       Dungeon |  87.5 |  87.5 |   N/A |   N/A |  95.2 | 217.6
         Sewer |  12.5 |  12.5 |   N/A |   N/A |   4.8 |  77.0
               +-------+-------+-------+-------+-------+----------------------

Vault maps used:
D:1:      lightli_arrival_windingriver
D:2:      fedhas_altar_2
D:3:      first_bread, tso_altar
D:4:      grunt_ministairs_7, dk_vineyard_1, uniq_menkaure
D:5:      minmay_temple_entry_fiery, gup_sewer_entry_pipe
D:6:      kennysheep_mini_moat, uniq_duvessa
D:7:      gammafunk_the_bubble, minitemple
Temple:   cyrus_circular_temple
Sewer:    sewer_co_cracked_pipes
